 Dungeon Crawl Stone Soup version 0.19-a0-722-g27ac516 (webtiles) character file.

14760 TheGoonsmith the Destroyer (level 11, -18/64 HPs)
             Began as a Deep Elf Conjurer on June 21, 2016.
             Was a High Priest of Vehumet.
             Demolished by JaminCrawler's ghost (22 damage)
             ... on level 2 of the Lair of Beasts.
             The game lasted 00:31:09 (12439 turns).

TheGoonsmith the Destroyer (Deep Elf Conjurer)     Turns: 12439, Time: 00:31:11

Health: -18/64     AC:  9    Str:  5    XL:     11   Next: 92%
Magic:  24/29      EV: 26    Int: 23    God:    Vehumet [*****.]
Gold:   145        SH:  6    Dex: 23    Spells: 8 memorised, 10 levels left

rFire  . . .     SeeInvis .     s - +2 mace (holy)
rCold  . . .     Gourm    .     p - +2 robe {MR+}
rNeg   . . .     Faith    .     q - +0 buckler
rPois  .         Spirit   .     P - +0 helmet "Tumuku" {Int+2}
rElec  .         Dismiss  .     a - +0 cloak
rCorr  .         Reflect  .     E - +1 pair of gloves
SustAt .         Harm     .     S - +0 pair of boots {Fly}
MR     ++...                    I - amulet of magic regeneration
Stlth  ++++......               T - +3 ring of evasion
                                (no ring)

@: agile, lethally poisoned (-18 -> -25), repel missiles, very resistant to
hostile enchantments, stealthy
A: no striking features
a: Renounce Religion, Evoke Flight


You were on level 2 of the Lair of Beasts.
You worshipped Vehumet.
Vehumet was extremely pleased with you.
You were hungry.

You visited 2 branches of the dungeon, and saw 11 of its levels.
You visited 1 bazaar.

You collected 669 gold pieces.
You spent 524 gold pieces at shops.

Inventory:

Hand Weapons
 s - a +2 mace of holy wrath (weapon)
Armour
 a - a +0 cloak (worn)
 p - a +2 robe of magic resistance (worn)
 q - a +0 buckler (worn)
 E - a +1 pair of gloves (worn)
 P - the +0 helmet "Tumuku" (worn) {Int+2}
   (You bought it in a shop in a bazaar)

   It affects your intelligence (+2).
 S - a +0 pair of boots of flying (worn)
Jewellery
 I - an amulet of magic regeneration (around neck)
 M - an uncursed ring of fire
 T - a +3 ring of evasion (right hand)
Wands
 l - a wand of slowing (27/48)
 D - a wand of lightning (15/15)
 R - a wand of disintegration (9/24)
Scrolls
 d - a scroll of amnesia
 i - a scroll of remove curse
 r - a scroll of identify
 u - a scroll of recharging
Potions
 e - 6 potions of might
 f - 6 potions of curing
 g - 2 potions of flight
 j - 2 potions of haste {unknown}
 m - 3 potions of agility
 z - a potion of berserk rage
 B - 2 potions of brilliance
 C - 2 potions of ambrosia
 L - a potion of cancellation
 Q - 3 potions of lignification
Books
 c - a Young Poisoner's Handbook

   Spells                             Type                      Level
   a - Sting                          Conjuration/Poison           1
   b - Cure Poison                    Poison                       2
   c - Mephitic Cloud                 Conjuration/Poison/Air       3
   d - Olgreb's Toxic Radiance        Poison                       4
   e - Venom Bolt                     Conjuration/Poison           5
Comestibles
 b - a chunk of flesh
 v - 6 meat rations
 x - 2 beef jerkies
 J - 10 royal jellies


   Skills:
 - Level 6.0 Fighting
 - Level 7.1 Dodging
 - Level 2.4 Stealth
 - Level 4.9 Shields
 + Level 12.2 Spellcasting
 - Level 12.3 Conjurations
 - Level 4.2 Hexes
 - Level 9.6 Charms


You had 10 spell levels left.
You knew the following spells:

 Your Spells              Type           Power        Failure   Level  Hunger
a - Magic Dart            Conj           ####         1%          1    None
b - Searing Ray           Conj           ######       1%          2    None
c - Fulminant Prism       Conj/Hex       ######....   1%          4    None
e - Swiftness             Chrm/Air       #####...     1%          2    None
r - Repel Missiles        Chrm/Air       #####.       1%          2    None
s - Sticky Flame          Conj/Fire      #####...     1%          4    None
x - Iskenderun's Mystic   Conj           ######..     1%          4    None
z - Iskenderun's Battles  Conj/Chrm      ######..     1%          5    ###....


Dungeon Overview and Level Annotations

Branches:
Dungeon (11/15)              Lair (2/6) D:11            Orc (0/2) D:11
 Temple: D:4-7        Swamp: Lair:2-4    Shoals: Lair:2-4     Snake: Lair:2-4
 Spider: Lair:2-4

Altars:
Fedhas
Hepliaklqana
Okawaru
Ru
Sif Muna
Trog
Uskayaw
Vehumet
Zin
The Shining One

Shops:
D:4 %   D:11 *[

Annotations:
Lair:2 JaminCrawler's ghost, journeyman MiBe


Message History

You hear a croak.
You hear an angry buzzing noise. x2
You block the killer bee's attack.
The killer bee stings you but does no damage.
You feel sick. You block the killer bee's attack.
Casting: Fulminant Prism
Confirm with . or Enter, or press ? or * to list all spells.
You conjure a globe of magical energy.
You block the killer bee's attack. The killer bee misses you.
JaminCrawler's ghost hits you!!
* * * LOW HITPOINT WARNING * * *
You are electrocuted!
* * * LOW HITPOINT WARNING * * *
Okay, then.
Okay, then.
You feel agile all of a sudden.
You feel sick. The killer bee stings you.
* * * LOW HITPOINT WARNING * * *
You are lethally poisoned!
The killer bee poisons you! The killer bee closely misses you.
JaminCrawler's ghost hits you!!
You die...

#P..†$..† ### ##...†.†..
##.######## ##.††..†.#
#...#.#.#P####...†....#
#.....##.......†††.....#
#.....#.........r.†.††.P
#....##..........†......
#.....P.....ryW†........
#............@*...........
#..........................
#..........................
#.............†............
#..............†..........
#..†....................♣
#.†....................♣
#.........†.....y.....♣♣
#..#....#..............♣


You could see 2 killer bees, JaminCrawler's ghost, 2 river rats and a friendly
battlesphere.

Vanquished Creatures
  Gastronok (D:11)
  Nergalle (D:10)
  An unseen horror (D:11)
  A hill giant (D:10)
  The ghost of TheGoonsmith the Destroyer, a novice TeAE (D:7)
  Pikel (D:9)
  A manticore (D:11)
  Maurice (D:8)
  A meliai zombie (D:10)
  A wyvern (D:9)
  Sigmund (D:3)
  3 yaks (D:11)
  4 vampire mosquitoes (D:11)
  2 hippogriffs
  A steam dragon (D:9)
  2 insubstantial wisps
  A soldier ant (D:10)
  2 water moccasins
  2 porcupines (Lair:1)
  An ice beast (D:11)
  4 slaves (D:9)
  An orc warrior (D:11)
  A black bear (D:11)
  4 sky beasts
  3 phantoms
  2 necrophages
  3 ogres
  5 wolves (Lair:2)
  12 centaurs
  4 crocodiles
  10 giant frogs
  3 scorpions
  36 killer bees
  5 wights (D:10)
  6 howler monkeys
  3 giant frog zombies
  A wasp zombie (D:8)
  2 hounds (D:11)
  8 jellies
  Crazy Yiuf (D:7)
  4 orc priests
  5 orc wizards
  A centaur skeleton (D:10)
  2 giant frog skeletons
  Ijyb (D:2)
  4 iguanas
  6 worker ants
  13 sheep
  2 hound skeletons
  3 gnolls (D:3)
  7 adders
  29 river rats
  2 shadow imps
  6 oozes
  An adder skeleton (D:10)
  4 worms
  3 giant geckos
  20 orcs
  3 ball pythons
  10 bats
  5 giant cockroaches
  14 hobgoblins
  8 jackals
  6 quokkas
  2 giant newts (D:2)
  3 goblins
  4 kobolds
  A quokka zombie (D:10)
  7 rats
319 creatures vanquished.

Vanquished Creatures (others)
  19 fulminant prisms
  A fungus (Lair:2)
  4 toadstools (D:1)
24 creatures vanquished.

Grand Total: 343 creatures vanquished

Notes
Turn   | Place    | Note
--------------------------------------------------------------
     0 | D:1      | TheGoonsmith the Deep Elf Conjurer began the quest for the Orb.
     0 | D:1      | Reached XP level 1. HP: 10/10 MP: 6/6
   238 | D:1      | Reached XP level 2. HP: 15/15 MP: 5/8
   579 | D:1      | Reached skill level 5 in Conjurations
   723 | D:2      | Learned a level 2 spell: Searing Ray
   727 | D:2      | Found a blossoming altar of Fedhas.
   939 | D:2      | Reached XP level 3. HP: 19/19 MP: 6/10
  1232 | D:2      | Found a hazy altar of Hepliaklqana.
  1248 | D:2      | Reached skill level 1 in Shields
  1267 | D:2      | Noticed Ijyb
  1273 | D:2      | Killed Ijyb
  1273 | D:2      | Reached XP level 4. HP: 24/24 MP: 1/12
  1538 | D:2      | Found a glowing golden altar of the Shining One.
  1780 | D:3      | Learned a level 4 spell: Iskenderun's Mystic Blast
  1785 | D:3      | Learned a level 4 spell: Fulminant Prism
  2038 | D:3      | Found a bloodstained altar of Trog.
  2235 | D:3      | Found a sacrificial altar of Ru.
  2327 | D:3      | Reached XP level 5. HP: 28/28 MP: 9/13
  2796 | D:3      | Noticed Sigmund
  2960 | D:3      | Killed Sigmund
  2960 | D:3      | Reached skill level 5 in Spellcasting
  2960 | D:3      | Reached XP level 6. HP: 29/32 MP: 8/15
  3060 | D:4      | Found Oneikh's Food Emporium.
  3205 | D:4      | You fall through a shaft for 3 floors!
  3262 | D:7      | Reached XP level 7. HP: 36/36 MP: 5/17
  3267 | D:7      | Noticed TheGoonsmith's ghost (novice TeAE)
  3464 | D:7      | Killed TheGoonsmith's ghost
  3464 | D:7      | Reached XP level 8. HP: 24/41 MP: 2/20
  3610 | D:7      | Reached skill level 1 in Hexes
  3689 | D:7      | Learned a level 5 spell: Iskenderun's Battlesphere
  4003 | D:7      | Found a radiant altar of Vehumet.
  4023 | D:7      | Found an iron altar of Okawaru.
  4033 | D:7      | Reached skill level 1 in Charms
  4045 | D:7      | Became a worshipper of Vehumet
  4093 | D:7      | Noticed Crazy Yiuf
  4096 | D:7      | Killed Crazy Yiuf
  4586 | D:8      | Noticed Maurice
  5673 | D:8      | Reached XP level 9. HP: 45/45 MP: 18/23
  5744 | D:8      | Killed Maurice
  5744 | D:8      | Reached skill level 5 in Charms
  5833 | D:8      | Reached * piety under Vehumet
  5833 | D:8      | Offered knowledge of Sting by Vehumet.
  6054 | D:8      | Learned a level 2 spell: Repel Missiles
  6057 | D:8      | Learned a level 2 spell: Swiftness
  6330 | D:9      | Noticed Pikel
  6336 | D:9      | Killed Pikel
  6336 | D:9      | Reached skill level 10 in Conjurations
  6987 | D:9      | Reached XP level 10. HP: 50/50 MP: 16/25
  7177 | D:9      | Reached skill level 10 in Spellcasting
  7184 | D:9      | Offered knowledge of Sandblast by Vehumet.
  7192 | D:9      | Reached ** piety under Vehumet
  7871 | D:9      | Found a hide-covered altar of Uskayaw.
  7877 | D:9      | Found a deep blue altar of Sif Muna.
  7938 | D:9      | Found a glowing silver altar of Zin.
  8039 | D:10     | Entered Level 10 of the Dungeon
  8233 | D:10     | Noticed a hill giant
  8245 | D:10     | Killed a hill giant
  8448 | D:10     | Noticed Nergalle
  8453 | D:10     | Killed Nergalle
  8729 | D:10     | Offered knowledge of Inner Flame by Vehumet.
  9453 | D:11     | Reached *** piety under Vehumet
  9455 | D:11     | Reached skill level 1 in Fighting
  9506 | D:11     | Found a flickering gateway to a bazaar.
  9523 | D:11     | Reached XP level 11. HP: 37/56 MP: 6/28
  9526 | D:11     | Offered knowledge of Sticky Flame by Vehumet.
  9541 | Bazaar   | Entered a bazaar
  9789 | Bazaar   | Found Annu's Antique Weapon Emporium.
  9798 | Bazaar   | Found Okhal's Antique Weapon Shoppe.
  9812 | Bazaar   | Found Rexuz's Antique Armour Emporium.
  9821 | Bazaar   | Found Koryonav's Antique Armour Shoppe.
  9882 | Bazaar   | Bought an encrusted cloak for 171 gold pieces
  9882 | Bazaar   | Bought an ichor-stained helmet for 171 gold pieces
  9896 | Bazaar   | Bought a pair of embroidered boots for 153 gold pieces
  9906 | Bazaar   | Identified the +1 cloak "Puoj" {-Tele rPois MR+ Int+4} (You bought it in a shop in a bazaar)
  9907 | Bazaar   | Identified the cursed +0 helmet "Tumuku" {Int+2} (You bought it in a shop in a bazaar)
  9975 | D:11     | Noticed Gastronok
  9976 | D:11     | Killed an unseen horror
 10131 | D:11     | Reached skill level 5 in Dodging
 10349 | D:11     | Found Pireacex's Assorted Antiques.
 10360 | D:11     | Bought a coppery potion for 29 gold pieces
 10453 | D:11     | Found a staircase to the Orcish Mines.
 10468 | D:11     | Found Hofud's Antique Armour Emporium.
 10765 | D:11     | Found a staircase to the Lair.
 10904 | D:11     | Killed Gastronok
 11359 | Lair:1   | Entered Level 1 of the Lair of Beasts
 11383 | Lair:1   | Learned a level 4 spell: Sticky Flame
 11402 | Lair:1   | Reached **** piety under Vehumet
 11485 | Lair:1   | Offered knowledge of Fireball by Vehumet.
 11508 | Lair:1   | Reached skill level 5 in Fighting
 12414 | Lair:2   | Reached ***** piety under Vehumet
 12414 | Lair:2   | Offered knowledge of Orb of Destruction by Vehumet.
 12428 | Lair:2   | Noticed JaminCrawler's ghost (journeyman MiBe)
 12439 | Lair:2   | Demolished by JaminCrawler's ghost

Vault maps used:
D:1:      ldierk_water_garden
D:2:      old_standard_altar, fedhas_altar_4, first_bread,
          corexii_item_surrounded_by_moat, tso_metal_star, uniq_iyjb
D:3:      nicolae_ru_sacrificial_ziggurat, overflow_temple_1_default,
          serial_park_tiny_pond, uniq_sigmund
D:4:      grunt_temple_overflow_champion_of_chaos, serial_shops,
          nicolae_shop_crystal, nicolae_shop_stone, shop, shop, uniq_grinder
D:7:      overflow_temple_1_default, kennysheep_mini, uniq_crazy_yiuf_cottage
D:8:      hangedman_little_slice_of_home, kennysheep_generic_room_8,
          uniq_maurice
D:9:      amethyst_overflow_temple_binary, zin_treasury, hangedman_misty_isle,
          uniq_pikel
D:10:     uniq_nergalle
D:11:     lair_0_dummy, orc_0_dummy, serial_shops, bzr_entry_lakeside,
          nicolae_shop_temple_entry_statues_fountains, shop, uniq_gastronok
Lair:2:   wad_woods_minihive, serial_bayou_ford_a
Bazaar:   bazaar_minmay_armour_weapon

Skill      XL: |  1  2  3  4  5  6  7  8  9 10 11 |
---------------+----------------------------------+-----
Conjurations   | 5 6 7 8 10 12 | 12.3
Shields        | 1 2 3 4 |  4.9
Spellcasting   | 4 5 6 8 9 11 12 | 12.2
Hexes          | 3 4 |  4.2
Charms         | 4 7 9 |  9.6
Dodging        | 3 7 |  7.1
Fighting       | 1 6 |  6.0
Stealth        | |  2.4

Action                   |  1- 3 |  4- 6 |  7- 9 | 10-12 || total
-------------------------+-------+-------+-------+-------++-------
Melee: Whip              |     4 |       |       |       ||     4
       Mace              |       |     1 |     5 |     3 ||     9
 Cast: Magic Dart        |    68 |   107 |   112 |   283 ||   570
       Searing Ray       |     3 |     2 |    34 |     5 ||    44
       Iskenderun's Myst |       |       |    18 |    11 ||    29
       Fulminant Prism   |       |       |     3 |    16 ||    19
       Iskenderun's Batt |       |       |     2 |    56 ||    58
       Repel Missiles    |       |       |     1 |     1 ||     2
       Swiftness         |       |       |     1 |       ||     1
       Sticky Flame      |       |       |       |     9 ||     9
 Abil: Stop Flying       |       |       |       |     1 ||     1
  Use: Potion            |       |       |     1 |     6 ||     7
       Scroll            |       |       |       |    30 ||    30
  Eat: Chunk             |     1 |     2 |     3 |    15 ||    21
       Bread ration      |       |     1 |     2 |     2 ||     5
       Beef jerky        |       |       |       |     2 ||     2
Armor: Robe              |     4 |     2 |    25 |    33 ||    64
       Steam dragon armo |       |       |       |     2 ||     2
Dodge: Dodged            |    19 |     7 |    46 |   112 ||   184
       Deflected         |       |       |       |     9 ||     9
Block: Buckler           |     1 |     3 |    39 |    54 ||    97
       Reflection        |       |       |     7 |     8 ||    15
